 Dungeon Crawl Stone Soup version 0.25-a0-697-g890751e744 (webtiles) character file.

Game seed: 6201973010192965723, levelgen mode: deterministic

2021 ReteAZ the Spear-Bearer (level 9, -4/71 HPs)
             Began as a Merfolk Gladiator on Apr 1, 2020.
             Was an Initiate of Ashenzari.
             Killed by divine providence
             ... invoked by an orc priest
              (14 damage)
             ... on level 6 of the Dungeon.
             The game lasted 00:10:02 (6707 turns).

ReteAZ the Spear-Bearer (Merfolk Gladiator)         Turns: 6707, Time: 00:10:02

Health: -4/71      AC: 11    Str: 15    XL:     9   Next: 23%
Magic:  9/9        EV: 16    Int:  7    God:    Ashenzari [......]
Gold:   313        SH:  5    Dex: 18    Spells: 8/8 levels left

rFire    + . .     SeeInvis .   a - +0 trident
rCold    . . .     Gourm    .   F - +0 buckler
rNeg     . . .     Faith    .   A - +0 ring mail (curse)
rPois    +         Spirit   .   e - +2 helmet (curse)
rElec    .         Reflect  .   d - +0 cloak
rCorr    .         Harm     .   i - +0 pair of gloves (curse)
MR       .....                  q - +0 pair of boots
Stlth    +.........             (no amulet)
HPRegen  0.21/turn              u - ring of protection from fire
MPRegen  0.11/turn              p - ring of poison resistance

@: no status effects
A: change form in water, swift swim, stealthy swim
a: Curse Item, Renounce Religion


You were on level 6 of the Dungeon.
You worshipped Ashenzari.
Ashenzari was noncommittal.
You were hungry.

You visited 2 branches of the dungeon, and saw 9 of its levels.

You collected 313 gold pieces.

Inventory:

Hand Weapons
 a - a +0 trident (weapon)
 b - a +0 hunting sling
Missiles
 n - 14 sling bullets
 D - 3 boomerangs (quivered)
Armour
 d - a +0 cloak (worn)
 e - a cursed +2 helmet (worn)
 i - a cursed +0 pair of gloves (worn)
 q - a +0 pair of boots (worn)
 A - a cursed +0 ring mail (worn)
 E - the +0 ring mail of Gugg {rCorr}
   (You found it on level 5 of the Dungeon)

   It provides partial protection from all sources of acid and corrosion.
 F - a +0 buckler (worn)
Jewellery
 p - a ring of poison resistance (right hand)
 r - an uncursed ring of resist corrosion
 u - a ring of protection from fire (left hand)
 H - an uncursed amulet of faith
Wands
 C - a wand of disintegration (7)
 G - a wand of flame (12)
Scrolls
 c - 3 scrolls of teleportation {unknown}
 h - 4 scrolls of identify
 j - 2 scrolls of magic mapping {unknown}
 k - 2 scrolls of enchant weapon {unknown}
 s - a scroll of remove curse
 x - a scroll of blinking {unknown}
 y - a scroll of immolation {unknown}
Potions
 l - 2 potions of heal wounds
 m - a potion of haste {unknown}
 o - 8 potions of curing {unknown}
 t - a potion of berserk rage {unknown}
 v - 2 potions of magic {unknown}
 w - a potion of lignification {unknown}
 z - a potion of stabbing {unknown}
 B - a potion of degeneration {unknown}
Comestibles
 f - 15 rations


   Skills:
 + Level 6.6 Fighting
 * Level 12.1 Polearms
 - Level 2.0 Throwing
 + Level 8.6 Dodging
 + Level 2.2 Shields


You had 8 spell levels left.
You didn't know any spells.
Your spell library was empty.

Dungeon Overview and Level Annotations

Branches:
Dungeon (8/15)             Temple (1/1) D:6
   Lair: D:8-11

Altars:
Ashenzari
Dithmenos
Elyvilon
Hepliaklqana
Kikubaaqudgha
Makhleb
Nemelex Xobeh
Okawaru
Qazlal
Sif Muna
Uskayaw
Vehumet
Wu Jian
Xom
Zin
The Shining One

Annotations:
D:4 3 runed translucent doors, Vector13's ghost, amateur DrCj


Message History

The orc warrior struggles against the net.
You barely miss the orc warrior.
The orc warrior is lightly wounded.
The orc struggles against the net.
The net rips apart, and the orc comes free!
You strike the helpless orc warrior from behind!
You hit the orc warrior.
The orc warrior is lightly wounded.
The orc warrior struggles against the net.
You strike the helpless orc warrior from behind!
You hit the orc warrior.
The orc warrior is moderately wounded.
The orc warrior struggles against the net.
You puncture the orc warrior!
The orc warrior is heavily wounded.
The orc warrior struggles against the net.
The net rips apart, and the orc warrior comes free!
The orc priest mumbles some strange prayers to Beogh against you.
Beogh smites you!
You die...

. #### .. #########..>
... ##...#...#... ....
##............ .....
#......>......
.....o#####.............
.....oo@.##.............
##.#####.###............
#...#....#.......
###.(.#######..##
###.### ##.# ######(..##
#.# ##....))...## #.
#........(..# .
#.##.##.##.##).## .


You could see an orc warrior, an orc priest and an orc.

Vanquished Creatures
  Edmund (D:6)
  A water moccasin (D:6)
  A phantom (D:6)
  An ogre (D:5)
  3 centaurs
  2 bullfrogs (D:6)
  2 scorpions
  3 wights (D:6)
  A bullfrog zombie (D:5)
  3 crimson imps (D:5)
  A quasit (D:5)
  Crazy Yiuf (D:2)
  3 hounds
  2 orc priests
  7 orc wizards
  A bullfrog skeleton (D:4)
  Jessica (D:2)
  3 iguanas
  5 worker ants
  A hound skeleton (D:4)
  A howler monkey zombie (D:5)
  A worker ant zombie (D:5)
  10 adders
  A shadow imp (D:6)
  An ooze (D:1)
  3 worms
  A dart slug (D:1)
  6 leopard geckos
  19 orcs
  2 ball pythons
  5 giant cockroaches
  5 goblins
  3 hobgoblins
  5 jackals
  4 quokkas
  4 bats
  4 frilled lizards
  9 kobolds
  A leopard gecko zombie (D:6)
  2 quokka skeletons
  4 rats
134 creatures vanquished.

Notes
Turn   | Place    | Note
-------+----------+-------------------------------------------
     0 | D:1      | ReteAZ the Merfolk Gladiator began the quest for the Orb.
     0 | D:1      | Reached XP level 1. HP: 16/16 MP: 1/1
    82 | D:1      | Reached XP level 2. HP: 23/23 MP: 2/2
   172 | D:1      | Reached skill level 5 in Polearms
   368 | D:1      | You fall into a shaft and drop 1 floor!
   393 | D:2      | Reached XP level 3. HP: 14/28 MP: 3/3
   582 | D:2      | Noticed Jessica
   592 | D:2      | Killed Jessica
   592 | D:2      | Reached skill level 6 in Polearms
   592 | D:2      | Reached XP level 4. HP: 7/35 MP: 4/4
  1380 | D:2      | Found a runed translucent door,
  1381 | D:2      | Noticed Crazy Yiuf
  1513 | D:2      | Found a radiant altar of Vehumet,
  1578 | D:2      | Reached skill level 5 in Dodging
  1670 | D:2      | Found a hide-covered altar of Uskayaw,
  1673 | D:2      | Found a sparkling altar of Nemelex Xobeh,
  1675 | D:2      | Found an ancient bone altar of Kikubaaqudgha,
  1676 | D:2      | Found a shadowy altar of Dithmenos,
  1791 | D:2      | Reached XP level 5. HP: 41/41 MP: 5/5
  2036 | D:2      | Found a shimmering blue altar of Sif Muna,
  2133 | D:2      | Killed Crazy Yiuf
  2692 | D:3      | Found a burning altar of Makhleb,
  2701 | D:3      | Reached skill level 7 in Polearms
  2799 | D:3      | Reached XP level 6. HP: 26/48 MP: 6/6
  3230 | D:3      | Found a faded altar of an unknown god,
  3307 | D:4      | Reached skill level 8 in Polearms
  3869 | D:4      | Reached XP level 7. HP: 48/54 MP: 7/7
  4547 | D:4      | Found a runed translucent gate,
  4547 | D:4      | Found a runed translucent gate,
  4547 | D:4      | Found a runed translucent gate,
  4548 | D:4      | Identified the +3 whip of Understanding {chaos, rN+}
  4548 | D:4      | Noticed Vector13's ghost (amateur DrCj)
  4571 | D:4      | Reached skill level 9 in Polearms
  4786 | D:5      | Entered Level 5 of the Dungeon
  4944 | D:5      | Reached skill level 5 in Fighting
  5039 | D:5      | Reached XP level 8. HP: 57/62 MP: 8/8
  5102 | D:5      | Reached skill level 10 in Polearms
  5108 | D:5      | Got a bloodstained ring mail
  5594 | D:6      | Reached skill level 11 in Polearms
  5950 | D:6      | You fall into a shaft and drop 2 floors!
  6253 | D:6      | Reached skill level 1 in Shields
  6261 | D:6      | Noticed Edmund
  6278 | D:6      | Killed Edmund
  6278 | D:6      | Reached XP level 9. HP: 60/69 MP: 9/9
  6312 | D:6      | Found a staircase to the Ecumenical Temple,
  6344 | Temple   | Entered the Ecumenical Temple
  6421 | Temple   | Became a worshipper of Ashenzari the Shackled
  6421 | Temple   | Identified the +0 ring mail of Gugg {rCorr} (You found it
                  | on level 5 of the Dungeon)
  6634 | D:6      | Reached skill level 12 in Polearms
  6707 | D:6      | Killed from afar by an orc priest

Levels and vault maps discovered:
D:1:      giann_forest_graveyard, layout_basic, minmay_split_cup_small
D:2:      kennysheep_six_static_rooms, layout_basic, grunt_temple_overflow_open,
          led_sif_pool, uniq_crazy_yiuf_cottage, uniq_jessica
D:3:      layout_loops_ring, chequers_ecumenical_altar_lobes,
          makhleb_blood_cavern_becter
D:4:      layout_basic, first_ration, gammafunk_ghost_nasty_kobolds,
          hangedman_decor_peaks_small
D:5:      layout_rooms
D:6:      layout_rooms, minmay_temple_entry_large_hall, minmay_puff, uniq_edmund
D:7:      layout_cave_pools, ebering_ghost_rock_garden, grunt_ogre_cave,
          hangedman_decor_opposing, uniq_maggie, uniq_prince_ribbit1,
          uniq_menkaure
D:8:      layout_rooms, erik_lair_dragon, special_room [special_room_orc],
          hangedman_abyss_or_decor_clamps
Temple:   eino_temple_scatter_basement

Skill      XL: |  1  2  3  4  5  6  7  8  9 |
---------------+----------------------------+-----
Polearms       | 5 6 7 8 9 11 12 | 12.1
Fighting       | 3 4 5 6 |  6.6
Dodging        | 5 6 7 8 |  8.6
Shields        | 1 2 |  2.2
Throwing       | |  2.0

Action                   |  1- 3 |  4- 6 |  7- 9 || total
-------------------------+-------+-------+-------++-------
Melee: Trident           |    59 |   154 |   450 ||   663
 Fire: Hunting sling     |       |    31 |    13 ||    44
Throw: Throwing net      |       |     3 |     3 ||     6
Invok: Curse Item        |       |       |     1 ||     1
Evoke: Wand              |       |       |     5 ||     5
  Use: Scroll            |       |       |     1 ||     1
 Stab: Distracted        |     1 |       |       ||     1
       Sleeping          |     1 |     4 |       ||     5
       Held in net/web   |       |       |     4 ||     4
  Eat: Chunk             |       |     9 |     9 ||    18
Armor: Leather armour    |     9 |    46 |     7 ||    62
       Ring mail         |       |       |   118 ||   118
Dodge: Dodged            |    33 |    76 |   267 ||   376
Block: Buckler           |       |       |    28 ||    28

Table legend:
 A = Non-vault XP
 B = Vault XP
 C = Vault XP percentage of total XP
 D = Non-vault monster count
 E = Vault monster count
 F = Vault count percentage of total count
                 A         B        C        D         E       F
            +---------+---------+-------+---------+---------+-------
      Total |    2295 |     593 |  20.5 |     118 |      16 |  11.9
            +---------+---------+-------+---------+---------+-------
        D:1 |      21 |      10 |  32.3 |      11 |       3 |  21.4
        D:2 |      94 |      94 |  50.0 |      17 |       8 |  32.0
        D:3 |     264 |      42 |  13.7 |      16 |       1 |   5.9
        D:4 |     310 |       0 |   0.0 |      19 |       0 |   0.0
        D:5 |     643 |       0 |   0.0 |      24 |       0 |   0.0
        D:6 |     758 |     447 |  37.1 |      24 |       4 |  14.3
        D:7 |     158 |       0 |   0.0 |       4 |       0 |   0.0
        D:8 |      47 |       0 |   0.0 |       3 |       0 |   0.0
            +---------+---------+-------+---------+---------+-------
